 Dungeon Crawl Stone Soup version 0.30-b1-2-g02819fbbbe (webtiles) character file.

Game seed: 15718009567769786967

166 sanka the Sneak (level 5, -2/45 HPs)
             Began as a Naga Reaver on May 15, 2023.
             Slain by a river rat (4 damage)
             ... in a sewer.
             The game lasted 00:05:43 (2233 turns).

sanka the Sneak (Naga Reaver)                       Turns: 2233, Time: 00:05:44

Health: -2/45      AC:  3    Str: 14    XL:     5   Next: 47%
Magic:  24/26      EV:  9    Int: 15    God:
Gold:   96         SH:  0    Dex: 10    Spells: 5/8 levels left

rFire   . . .        a - +0 hand axe
rCold   . . .        (no shield)
rNeg    . . .        b - +0 leather armour
rPois   +            (no helmet)
rElec   .            (no cloak)
rCorr   .            (no gloves)
SInv    +            (no barding)
Will    .....        e - amulet of regeneration
Stlth   +++          c - ring of magical power
HPRegen 1.07/turn    h - ring of magical power
MPRegen 0.20/turn

%: no passive effects
@: immotile, very slow
A: AC +1, large, see invisible, deformed body, poison resistance, slowness 2,
spit poison 1, naga tail 1
a: Spit Poison


You were in a sewer.
You visited 1 branch of the dungeon, and saw 3 of its levels.
You also visited: Sewer.

You collected 96 gold pieces.

Inventory:

Hand Weapons
 a - a +0 hand axe (weapon)
 q - a +4 dagger of venom
Armour
 b - a +0 leather armour (worn)
Jewellery
 c - a ring of magical power (left hand)
 e - an amulet of regeneration (around neck)
 h - a ring of magical power (right hand)
 m - an amulet of the acrobat
Wands
 f - a wand of flame (11)
Scrolls
 g - 3 scrolls of identify {unknown}
 j - 2 scrolls of fog {unknown}
 k - a scroll of acquirement {unknown}
 l - 2 scrolls of vulnerability {unknown}
 o - a scroll of amnesia {unknown}
 r - a scroll of enchant weapon {unknown}
 s - a scroll of immolation {unknown}
Potions
 d - a potion of heal wounds {unknown}
 i - a potion of cancellation {unknown}
 n - 2 potions of flight {unknown}
 p - a potion of resistance {unknown}


   Skills:
 - Level 2.0 Fighting
 - Level 3.0 Axes
 - Level 1.5 Dodging
 + Level 6.9 Stealth
 - Level 2.0 Spellcasting
 + Level 3.4 Conjurations
 + Level 1.4 Translocations


You had 5 spell levels left.
You knew the following spells:

 Your Spells              Type           Power      Damage    Failure   Level
a - Kiss of Death         Conj/Necr      24%        2d7       14%         1
b - Momentum Strike       Conj/Tloc      16%        3d8       16%         2

Your spell library contained the following spells:

 Spells                   Type           Power      Damage    Failure   Level
 Summon Small Mammal      Summ           4%         N/A       28%         1
 Hailstorm                Conj/Ice       6%         3d4       38%         3
 Call Canine Familiar     Summ           1%         N/A       63%         3
 Summon Guardian Golem    Hex/Summ       1%         N/A       63%         3


Dungeon Overview and Level Annotations

Branches:
Dungeon (3/15)              Sewer (1/1)

Altars:


Innate Abilities, Weirdness & Mutations

Your serpentine skin is tough. (AC +1)
You have supernaturally acute eyesight. (SInv)
Armour fits poorly on your strangely shaped body.
Your system is resistant to poisons. (rPois)
You cover ground very slowly.
You can spit poison.
You have a snake-like lower body.


Message History

You hit the river rat.
The river rat is moderately wounded.
You closely miss the rat. You completely miss the river rat.
You hit the river rat. The river rat closely misses you.
The river rat barely misses you. The river rat bites you.
* * * LOW HITPOINT WARNING * * *
The rat bites you but does no damage.
Unknown command.
Casting: Momentum Strike (safe; 16% risk of failure)
Confirm with . or Enter, or press ? or * to list all spells.
Aiming: Momentum Strike (safe; 16% risk of failure)
Press: ? - help, Dir - move target, f - river rat
Aim: a river rat (lightly wounded, very poisoned, 64% to hit)
The concentrated momentum hits the river rat.
The river rat is heavily wounded.
You are unable to move.
The river rat closely misses you. The river rat bites you.
* * * LOW HITPOINT WARNING * * *
The river rat bites you but does no damage.
The rat splashes around in the water.
Unknown command.
Unknown command.
You hit the river rat but do no damage.
The river rat is severely wounded.
You hit the river rat. x2; You closely miss the rat.
The river rat barely misses you. The river rat bites you!
* * * LOW HITPOINT WARNING * * *
The river rat bites you.
* * * LOW HITPOINT WARNING * * *
The rat bites you but does no damage. The river rat misses you.
The river rat bites you but does no damage.
The river rat closely misses you.
Unknown command.
You barely miss the river rat.
The river rat is severely wounded.
You barely miss the rat.
You hit the river rat but do no damage. x2
The rat barely misses you.
The river rat bites you but does no damage.
The river rat barely misses you. The river rat bites you.
You die...

###...
####......
##........
#.......#
##......#
#....r.#
#..rSr##
#~≈rrr≈#
#≈≈≈@r≈#
#≈≈≈~≈≈#
#≈≈≈~~≈#
#≈≈~~≈≈#
#≈~#~.≈#
#≈~~≈≈≈#
#≈.~≈≈≈#
#≈≈~≈≈≈#
#≈~≈~~≈#


You could see 3 river rats, a ball python and 4 rats.

Vanquished Creatures
  Robin (D:2)
  5 adders (D:2)
  4 river rats
  A dart slug (D:2)
  3 endoplasms
  5 giant cockroaches
  12 goblins
  10 hobgoblins
  3 jackals (D:1)
  4 kobolds
  A quokka (D:2)
  6 ball pythons
  8 bats
  5 rats
68 creatures vanquished.

Notes
Turn   | Place    | Note
-------+----------+-------------------------------------------
     0 | D:1      | sanka the Naga Reaver began the quest for the Orb.
     0 | D:1      | Reached XP level 1. HP: 19/19 MP: 3/3
     0 | D:1      | Noticed a ghoul
     5 | D:1      | Noticed a minotaur
     7 | D:1      | Noticed a ghoul
    11 | D:1      | Noticed a minotaur skeleton
    13 | D:1      | Noticed a felid
    13 | D:1      | Noticed an elf
   130 | D:1      | Reached skill level 1 in Stealth
   169 | D:1      | Reached skill level 2 in Stealth
   192 | D:1      | Reached XP level 2. HP: 24/26 MP: 5/5
   195 | D:1      | Learned a level 2 spell: Momentum Strike
   399 | D:1      | Reached skill level 3 in Stealth
   858 | D:1      | Reached skill level 4 in Stealth
   859 | D:1      | Reached XP level 3. HP: 29/32 MP: 6/6
  1022 | D:2      | Reached skill level 5 in Stealth
  1326 | D:2      | Reached XP level 4. HP: 39/39 MP: 7/7
  1341 | D:2      | Reached skill level 6 in Stealth
  1469 | D:2      | Noticed Robin
  1510 | D:2      | Killed Robin
  1783 | D:2      | Found a faded altar of an unknown god.
  1821 | D:2      | Reached XP level 5. HP: 39/45 MP: 8/8
  2122 | D:3      | Reached skill level 1 in Translocations
  2187 | D:3      | Found a glowing drain.
  2196 | Sewer    | Entered a sewer
  2232 | Sewer    | HP: 1/45 [river rat (6)]
  2233 | Sewer    | Slain by a river rat

Illustrated notes

Levels and vault maps discovered:
D:1:      shiori_arrival_whats_in_store_for_you, layout_basic
D:2:      layout_basic, hellmonk_ecumenical_altar_prayer_group,
          chequers_serial_rivers_small_b, nicolae_figureground_pulse, uniq_robin
D:3:      minmay_wonky_spiral, layout_basic,
          mainiacjoe_overflow_concentric_impassable, portal_sewer_entry_e,
          minmay_crystal_water
Sewer:    sewer_minmay_w

Skill      XL: |  1  2  3  4  5 |
---------------+----------------+-----
Stealth        | 2 4 5 6 |  6.9
Translocations | 1 |  1.4
Fighting       | |  2.0
Axes           | |  3.0
Dodging        | |  1.5
Spellcasting   | |  2.0
Conjurations   | |  3.4

Action                     |  1- 3 |  4- 6 || total
---------------------------+-------+-------++-------
  Melee: Hand axe          |   109 |    51 ||   160
         Punch             |     1 |       ||     1
         Dagger            |       |    44 ||    44
   Cast: Momentum Strike   |       |     6 ||     6
Ability: Spit Poison       |     8 |     2 ||    10
    Use: Potion            |       |     3 ||     3
   Stab: Sleeping          |     1 |     5 ||     6
 Armour: Leather armour    |    37 |    22 ||    59
  Dodge: Dodged            |    55 |    51 ||   106
